 Dungeon Crawl Stone Soup version 0.18-a0-1057-g88203af (webtiles) character file.

103 Strylgvaidir the Digger (level 4, 0/24 HPs)
             Began as a Gargoyle Earth Elementalist on Jan 12, 2016.
             Slain by a gnoll
             ... wielding a +0 halberd
              (6 damage)
             ... on level 2 of the Dungeon.
             The game lasted 00:06:59 (1993 turns).

Strylgvaidir the Digger (GrEE)                      Turns: 1993, Time: 00:06:59

Health: 0/24       AC:  5    Str: 12    XL:     4   Next: 79%
Magic:  1/9        EV: 12    Int: 16    God:
Gold:   84         SH:  0    Dex: 10    Spells: 3 memorised, 4 levels left

rFire  . . .     SeeInvis .     e - +2 dagger (venom)
rCold  . . .     Gourm    .     a - +0 robe
rNeg   + . .     Faith    .     (no shield)
rPois  ∞         Spirit   .     (no helmet)
rElec  +         Dismiss  .     (no cloak)
rCorr  .         Reflect  .     (no gloves)
SustAt .         Harm     .     (no boots)
MR     .....                    (no amulet)
Stlth  ++........               (no ring)
                                (no ring)

@: very slightly contaminated, not resistant to hostile enchantments, unstealthy
A: negative energy resistance 1, electricity resistance, unbreathing,
petrification resistance, rot immunity, AC +3
a: no special abilities


You were on level 2 of the Dungeon.
You were very hungry.

You visited 1 branch of the dungeon, and saw 2 of its levels.

You collected 84 gold pieces.

Inventory:

Hand Weapons
 b - a +1 flail of draining
 e - a +2 dagger of venom (weapon)
 i - a +0 short sword
Armour
 a - a +0 robe (worn)
Scrolls
 k - a scroll of teleportation
Potions
 j - a potion of curing {unknown}
 m - a potion of might {unknown}
Books
 c - a book of Geomancy

   Spells                             Type                      Level
   a - Sandblast                      Earth                        1
   b - Stoneskin                      Transmutation/Earth          2
   c - Passwall                       Transmutation/Earth          3
   d - Stone Arrow                    Conjuration/Earth            3
   e - Petrify                        Transmutation/Earth          4
   f - Lee's Rapid Deconstruction     Earth                        5
Comestibles
 d - a bread ration
 g - a meat ration
 h - 2 fruits


   Skills:
 - Level 1.5 Dodging
 - Level 2.1 Stealth
 * Level 3.5 Spellcasting
 + Level 1.5 Conjurations
 - Level 0.7 Transmutations
 + Level 4.6 Earth Magic


You had 4 spell levels left.
You knew the following spells:

 Your Spells              Type           Power        Failure   Level  Hunger
a - Sandblast             Erth           ###...       2%          1    None
b - Stoneskin             Trmt/Erth      ##......     10%         2    ##.....
c - Stone Arrow           Conj/Erth      ##....       17%         3    ###....


Dungeon Overview and Level Annotations

Branches:
Dungeon (2/15)

Altars:


Innate Abilities, Weirdness & Mutations

You are resistant to torment.
Your stone body is resilient (AC +3).
You are immune to poison.
You resist negative energy.
You are resistant to electric shocks.
You can survive without breathing.
You are immune to petrification.
You are immune to rotting.


Message History

The stone arrow misses the gnoll.
The gnoll hits you with a halberd.
Casting: Stone Arrow
Confirm with . or Enter, or press ? or * to list all spells.
Aiming: Sandblast
Press: ? - help, Shift-Dir - straight line, f/p - gnoll
Aim: a gnoll, wielding a halberd The blast of sand hits the gnoll.
Casting: Sandblast
Confirm with . or Enter, or press ? or * to list all spells.
Aiming: Sandblast
Press: ? - help, Shift-Dir - straight line, f/p - gnoll
Aim: a gnoll, wielding a halberd The blast of sand misses the gnoll.
The gnoll hits you with a halberd!
* * * LOW HITPOINT WARNING * * *
You aren't carrying any items that can be evoked.
Unknown command.
You hit the gnoll.
The gnoll is poisoned.
The gnoll is lightly wounded.
The gnoll hits you with a halberd.
You die...

.....# .....
....# #.#.#
#.#.#####
##.......#
###........+
#@g..[.....#
#....#######
#....#####
#........#
#.%.##.##########
#................
##.....##########
#.....'.......
#.....########


You could see a gnoll.

Vanquished Creatures
  Jessica (D:2)
  3 gnolls (D:2)
  3 oozes (D:1)
  3 giant geckos
  3 giant cockroaches (D:1)
  9 goblins (D:1)
  2 hobgoblins (D:1)
  2 bats (D:1)
  A giant newt (D:1)
  5 kobolds (D:1)
  3 rats (D:1)
35 creatures vanquished.

Notes
Turn   | Place    | Note
--------------------------------------------------------------
     0 | D:1      | Strylgvaidir the Gargoyle Earth Elementalist began the quest for the Orb.
     0 | D:1      | Reached XP level 1. HP: 10/10 MP: 3/3
   107 | D:1      | Reached XP level 2. HP: 15/15 MP: 3/5
   676 | D:1      | Reached skill level 4 in Earth Magic
   780 | D:1      | Reached XP level 3. HP: 19/19 MP: 2/7
   784 | D:1      | Learned a level 2 spell: Stoneskin
   788 | D:1      | Learned a level 3 spell: Stone Arrow
  1306 | D:2      | Noticed Jessica
  1472 | D:2      | Killed Jessica
  1472 | D:2      | Reached skill level 1 in Conjurations
  1472 | D:2      | Reached XP level 4. HP: 17/24 MP: 1/9
  1993 | D:2      | Slain by a gnoll

Vault maps used:
D:1:      tarquinn_simple_flora_water_c
D:2:      lemuel_crystal_altar, first_bread, kennysheep_doodads,
          corexii_corridor_pit, minmay_misc_feat_four_crosses, uniq_robin,
          uniq_jessica

Action                   |  1- 3 |  4- 6 || total
-------------------------+-------+-------++-------
Melee: Dagger            |       |     1 ||     1
 Cast: Sandblast         |    38 |     8 ||    46
       Stone Arrow       |     3 |     7 ||    10
  Use: Scroll            |     4 |       ||     4
  Eat: Chunk             |     2 |     1 ||     3
